AoeStats
← bloodyknive

Black Forest

510019184Analyzed
2v2 RM · 4d ago on Sep 29, 2026· 44m 5s· 4 players
Game mode
Random Map
Map size
Medium (4 player)
Population
200
Speed
Normal
Resources
Standard
Victory
Conquest
Starting age
Dark Age
Ending age
Imperial Age
RankedLock teamsTeams togetherTeam positionsShared explorationLock speedFull tech treeHidden civsTurbo modeCheats
Victory
Defeat
🇦🇷 Goths · Argentina
636
+13
🇦🇷 Italians · Argentina
624
+14
🇺🇸 Mapuche · United States
578
-14
🇨🇱 Saxons · Chile
576
-13
bloodyknive
0:26 Loom
14:24 Feudal Age
21:17 Horse Collar
21:34 Double-Bit Axe
22:57 Stone Mining
24:25 Wheelbarrow
26:58 Castle Age
25:53 Gold Mining
25:55 Stone Mining
29:20 Coinage
32:51 Pikeman
33:31 Squires
33:23 Arson
39:24 Imperial Age
37:16 Hand Cart
36:47 Town Watch
40:44 Banking
40:33 Guilds
40:24 Caravan
41:29 Stone Shaft Mining
Fahrmut
11:51 Loom
16:50 Feudal Age
20:51 Castle Age
25:11 Imperial Age
22:34 Horse Collar
22:43 Double-Bit Axe
25:14 Onager
26:09 Gold Mining
26:33 Bow Saw
28:14 Scale Mail Armor
28:25 Forging
41:55 Pikeman
42:36 Squires
42:27 Halberdier
GoD_yAYi_10
0:40 Loom
13:01 Feudal Age
22:13 Castle Age
21:39 Double-Bit Axe
21:37 Horse Collar
27:15 Stone Mining
28:35 Bow Saw
28:25 Heavy Plow
28:21 Gold Mining
30:04 Pikeman
32:30 Forging
32:22 Scale Mail Armor
patoadictoalsexo
14:32 Feudal Age
16:34 Wheelbarrow
16:02 Double-Bit Axe
16:49 Gold Mining
23:53 Stone Mining
24:05 Horse Collar
27:19 Castle Age
27:20 Fletching
32:27 Bow Saw
37:17 Imperial Age
37:34 Elite Hearth Troop
38:29 Forging
38:21 Scale Mail Armor
39:50 Heavy Plow
39:56 Cavalier
43:47 Iron Casting
Connection lost

Rejoining the realm…

Still unreachable

The connection could not be restored.

Session expired

The server has moved on; the page needs a fresh start.